 Dungeon Crawl Stone Soup version 0.17.3-4-g93a25c67f4 (webtiles) character file.

17532555 Crauler the Invulnerable (level 27, 298/298 HPs)
             Began as a Deep Dwarf Fighter on Aug 28, 2023.
             Was the Champion of Makhleb.
             Escaped with the Orb
             ... and 15 runes on Aug 30, 2023!
             The game lasted 11:06:02 (88667 turns).

Crauler the Invulnerable (Deep Dwarf Fighter)      Turns: 88667, Time: 11:06:02

Health: 298/298    AC: 55    Str: 28      XL:     27
Magic:  49/49      EV: 24    Int: 12 (15) God:    Makhleb [******]
Gold:   13718      SH:  0    Dex: 15      Spells: 9 memorised, 43 levels left

rFire  + + +     SeeInvis +     B - +9 executioner's axe (chop)
rCold  + + .     Clarity  .     x - +7 plate armour of Elaleec {rF+ Str+2 Dex+3}
rNeg   + + +     SustAt   .     (shield currently unavailable)
rPois  +         Gourm    +     E - +2 helmet
rElec  +         Spirit   .     m - +2 cloak {rC+}
rCorr  +         Warding  .     W - +1 pair of gloves of Biomiaf {rF+ MR+ rCorr Dex-4}
rMut   .         Stasis   .     l - +2 pair of boots {Fly}
MR     +++++                    Y - amulet of Lanwaax {Gourm rF++ Int+5 Dex-2}
Stlth  +.........               j - ring of the Elephant {rElec Str+4 SInv}
                                d - ring "Luotra" {*Drain rPois rC+ rN+++ AC+4}

@: non-regenerating, deflect missiles, almost entirely resistant to hostile
enchantments, very unstealthy
A: damage resistance, recharge devices, hooves 1, iridescent scales 1, thin
metallic scales 1, blurry vision 3, deterioration 2, dopey 1, negative energy
resistance 1, sense surroundings 3, screaming 2, slow regeneration 3, weak 1,
subdued magic 1
a: Device Recharging, Minor Destruction, Lesser Servant of Makhleb, Major
Destruction, Greater Servant of Makhleb, Renounce Religion, Evoke Flight
0: Orb of Zot
}: 15/15 runes: decaying, slimy, silver, golden, iron, obsidian, icy, bone,
abyssal, demonic, glowing, magical, fiery, dark, gossamer


You escaped.
You worshipped Makhleb.
Makhleb was exalted by your worship.
You were full.

You visited 18 branches of the dungeon, and saw 95 of its levels.
You visited Pandemonium 1 time, and saw 50 of its levels.
You visited the Abyss 2 times.
You visited 3 bazaars.
You also visited: Labyrinth, Sewer, Ice Cave and Wizlab.

You collected 19969 gold pieces.
You spent 6251 gold pieces at shops.

Inventory:

Hand Weapons
 c - the +10 battleaxe "Kulon" {antimagic, rN+ MP-9 Int+5 Dex+3}
   (You found it on level 3 of the Elven Halls)

   It disrupts the flow of magical energy around spellcasters and certain
   magical creatures (including the wielder).
   It affects your intelligence (+5).
   It affects your dexterity (+3).
   It protects you from negative energy.
   It affects your magic capacity (-9).
 B - a +9 executioner's axe of chopping (weapon)
Missiles
 v - 12 javelins (quivered)
Armour
 l - a +2 pair of boots of flying (worn)
 m - a +2 cloak of cold resistance (worn)
 x - the +7 plate armour of Elaleec (worn) {rF+ Str+2 Dex+3}
   (You bought it in a shop in a bazaar)

   It affects your strength (+2).
   It affects your dexterity (+3).
   It protects you from fire.
 E - a +2 helmet (worn)
 W - the +1 pair of gloves of Biomiaf (worn) {rF+ MR+ rCorr Dex-4}
   (You found it on level 4 of the Depths)

   It affects your dexterity (-4).
   It protects you from fire.
   It affects your resistance to hostile enchantments.
   It protects you from acid and corrosion.
Jewellery
 b - the amulet "Yreju Buygg" {Stasis rN+ MR+ Int+5}
   (You took it off a vault warden on level 5 of the Vaults)

   [amulet of stasis]

   It prevents you from being teleported, slowed, hasted or paralysed.
   It affects your intelligence (+5).
   It protects you from negative energy.
   It affects your resistance to hostile enchantments.
 d - the ring "Luotra" (left hand) {*Drain rPois rC+ rN+++ AC+4}
   (You bought it in a shop in a bazaar)

   [ring of protection]

   It affects your AC (+4).
   It protects you from cold.
   It protects you from poison.
   It renders you almost immune to negative energy.
   It causes draining when unequipped.
 j - the ring of the Elephant (right hand) {rElec Str+4 SInv}
   (You bought it in a shop on level 6 of the Dungeon)

   [ring of strength]

   It affects your strength (+4).
   It insulates you from electricity.
   It lets you see invisible.
 M - an uncursed ring of sustain attributes
 Y - the amulet of Lanwaax (around neck) {Gourm rF++ Int+5 Dex-2}
   (You bought it in a shop in a bazaar)

   [amulet of the gourmand]

   It allows you to eat raw meat even when not hungry.
   It affects your intelligence (+5).
   It affects your dexterity (-2).
   It greatly protects you from fire.
Wands
 e - a wand of digging (3)
 p - a wand of disintegration (7)
 H - a wand of heal wounds (3)
 J - a wand of hasting (4)
 N - a wand of teleportation (4)
Scrolls
 a - 4 scrolls of enchant weapon
 h - 16 scrolls of teleportation
 o - 3 scrolls of recharging
 r - 3 scrolls of magic mapping
 w - 4 scrolls of silence
 y - 2 scrolls of holy word
 z - 12 scrolls of fear
 A - 29 scrolls of remove curse
 F - 14 scrolls of immolation
 G - 10 scrolls of fog
 K - 11 scrolls of blinking
 L - 9 scrolls of enchant armour
 O - 7 scrolls of summoning
 P - a scroll of brand weapon
 R - 9 scrolls of noise
 S - 22 scrolls of identify
Potions
 g - a potion of cancellation
 i - 14 potions of flight
 n - a potion of resistance
 s - a potion of haste
 u - 6 potions of heal wounds
 C - 3 potions of might
 D - 10 potions of brilliance
 I - 7 potions of agility
 Q - 7 potions of lignification
 T - 27 potions of curing
 U - 2 potions of magic
Books
 k - a book of the Sky

   Spells                             Type                      Level
   a - Summon Lightning Spire         Summoning/Air                4
   b - Airstrike                      Air                          4
   c - Silence                        Hexes/Air                    5
   d - Deflect Missiles               Charms/Air                   6
   e - Conjure Ball Lightning         Conjuration/Air              6
   f - Tornado                        Air                          9
Comestibles
 f - 35 bread rations
 q - 13 royal jellies
 t - 58 fruits
 V - 33 meat rations


   Skills:
 O Level 27 Fighting
 O Level 27 Axes
 - Level 7.0 Throwing
 O Level 27 Armour
 O Level 27 Dodging
 + Level 16.6 Stealth
   Level 13.0 Shields
 + Level 22.9 Spellcasting
 - Level 7.3 Hexes
 - Level 11.0 Charms
 - Level 14.0 Translocations
 - Level 12.5 Transmutations
 - Level 11.0 Air Magic
 - Level 15.3 Earth Magic
 - Level 22.2 Invocations


You had 43 spell levels left.
You knew the following spells:

 Your Spells              Type           Power        Failure   Level  Hunger
a - Apportation           Tloc           ####......   0%          1    None
b - Summon Butterflies    Summ           #.......     5%          1    None
c - Stoneskin             Trmt/Erth      ####....     0%          2    None
d - Repel Missiles        Chrm/Air       ####..       1%          2    None
e - Statue Form           Trmt/Erth      ####.....    2%          6    #####..
f - Song of Slaying       Chrm           ####....     1%          2    None
g - Spectral Weapon       Hex/Chrm       ###.....     1%          3    None
h - Silence               Hex/Air        ###.......   4%          5    ####...
i - Deflect Missiles      Chrm/Air       ####......   9%          6    #####..


Dungeon Overview and Level Annotations

Branches:
Dungeon (15/15)            Temple (1/1) D:7            Lair (8/8) D:11
  Swamp (4/4) Lair:4       Spider (4/4) Lair:4        Slime (6/6) Lair:6
    Orc (4/4) D:12            Elf (3/3) Orc:3        Vaults (5/5) D:13
  Crypt (3/3) Vaults:2       Tomb (3/3) Crypt:3      Depths (5/5) D:15
   Hell (1/1)                 Dis (7/7) Hell            Geh (7/7) Hell
    Coc (7/7) Hell            Tar (7/7) Hell            Zot (5/5) Depths:5

Altars:
Ashenzari
Cheibriados
Dithmenos
Elyvilon
Fedhas
Gozag
Kikubaaqudgha
Makhleb
Nemelex Xobeh
Okawaru
Qazlal
Ru
Sif Muna
Trog
Vehumet
Xom
Yredelemnul
Zin
The Shining One
Jiyva

Shops:
D:6 *   D:13 }   Orc:4 (!:*   Elf:1 *   Vaults:2 (   Vaults:5 %[   Depths:1 (
Depths:3 [*[

Portals:
Hell: Depths:1 Depths:2 Depths:3 Depths:4 Depths:5
Abyss: Depths:3 Depths:4 Depths:5
Pandemonium: Depths:3
Ziggurat: Depths:2


Innate Abilities, Weirdness & Mutations

You are resistant to damage.
You can recharge devices by infusing magical energy.
You resist negative energy.
You passively map a large area around you.
You do not regenerate naturally.
You have large cloven feet.
You are partially covered in iridescent scales (AC +4).
You are partially covered in thin metallic scales (AC +2).
Scrolls take you much longer to read.
Your body often deteriorates upon taking damage.
You are dopey. (Int -2)
You sometimes yell uncontrollably at your foes.
You are weak. (Str -2)
Your spells are a little easier to cast, but a little less powerful.


Message History

The blue devil is almost dead.
You slice the giant cockroach like a ripe choko!!!
You kill the giant cockroach!
Makhleb accepts your kill.
You slice the kobold!!
You kill the kobold!
Makhleb accepts your kill.
The blue devil hits you but does no damage.
You slice the blue devil!!
You kill the blue devil!
Makhleb accepts your kill.
Evoke which item? (* to show all) (? for menu, Esc to quit)
Zapping:
e - a wand of digging (4)
Press: ? - help, Shift-Dir - straight line The rock shatters into small pieces.
This wand has 3 charges left. 2 hell hounds come into view.
You enter the shallow water.
Moving in this stuff is going to be slow.
There is a staircase leading out of the dungeon here.
You have escaped!

.........##.##'####
##......h##.#≈.♣♣
##..))...##.#≈.≈♣
##.......h..'..♣♣#
#####.####..#♣..≈#
####...###)##≈..♣#
...#....##.h.♣♣.♣#
##.#....##.##♣≈.h#
#######
...##.#.##.##≈♣.@###
#......
##.##...)).#######.######
#.###.# ##............#
#.......# #.###.#
...####.#####.###..####.#
#.##... #####...#
#.##.....##.# #.##.)#
##.### #.##÷..#.##.#
#.##..# #...#
#.##........###......
#...#
#......#............#
#...#
####.##############.#


You could see a hell hound.

Vanquished Creatures
  Cerebov (Pan)
  Antaeus (Coc:7)
  Asmodeus (Geh:7)
  the royal jelly (Slime:6)
  Dissolution (Slime:2)
  Ereshkigal (Tar:7)
  Gloorx Vloq (Pan)
  A seraph (Pan)
  the Serpent of Hell (Dis:7)
  Mnoleg (Pan)
  Lom Lobon (Pan)
  Dispater (Dis:7)
  Khufu (Crypt:3)
  6 orbs of fire
  Mara (Spider:4)
  Mennas (Tomb:1)
  4 juggernauts
  9 ancient liches
  Sojobo (Tomb:1)
  31 greater mummies
  19 pandemonium lords
  5 shard shrikes
  Norris (Elf:3)
  2 Killer Klowns (Zot:5)
  A curse toe (Zot:5)
  4 caustic shrikes
  12 golden dragons
  Geryon (Hell)
  Nikola (Spider:1)
  8 bone dragons
  18 liches
  A profane servitor (Crypt:3)
  2 pearl dragons (Pan)
  2 electric golems
  Jorgrun (Tomb:3)
  2 hellephants
  15 tentacled monstrosities
  Rupert (Orc:4)
  27 Brimstone Fiends
  23 Ice Fiends
  15 Hell Sentinels
  24 Orb Guardians
  A shard shrike skeleton (Crypt:1)
  Asterion (Elf:2)
  2 deep elf master archers (Elf:3)
  3 deep elf blademasters
  2 quicksilver dragons
  6 titans
  20 Shadow Fiends
  20 acid blobs
  8 sphinxes
  36 Executioners
  10 death cobs
  Gastronok (Lair:3)
  12 tentacled starspawn
  9 eldritch tentacles
  An octopode crusher (Depths:1)
  A thorn hunter (Swamp:3)
  6 ancient champions
  11 storm dragons
  11 tengu reavers
  11 shadow dragons
  7 blood saints (Pan)
  A draconian monk (Abyss:4)
  8 fire giants
  11 revenants
  10 azure jellies
  Wiglaf (Spider:2)
  15 daevas
  3 draconian knights
  Maud (Lair:6)
  11 deep elf sorcerers
  16 iron dragons
  3 draconian zealots
  21 frost giants
  An orc warlord (Orc:3)
  Aizul (Elf:1)
  8 ghost moths
  Louise (Spider:1)
  A draconian scorcher (Zot:5)
  4 curse skulls
  2 draconian shifters
  16 vault wardens
  30 balrugs
  7 emperor scorpions
  7 warmongers (Pan)
  A juggernaut zombie (Crypt:1)
  32 cacodemons
  7 ghouls
  47 reapers
  5 spriggan defenders
  29 angels (Pan)
  33 stone giants
  11 ophanim (Pan)
  6 draconian annihilators
  12 very ugly things
  A caustic shrike skeleton (Depths:2)
  13 ironheart preservers
  17 apis (Pan)
  9 lorocyprocas
  6 elemental wellsprings
  4 green draconians
  11 deep elf demonologists
  11 chaos champions (Pan)
  A war gargoyle (Vaults:5)
  7 salamander firebrands
  2 yellow draconians
  4 black draconians
  6 bennus
  Azrael (Orc:4)
  A spectral titan (Crypt:3)
  8 mottled draconians
  3 white draconians
  2 salamander stormcallers
  3 purple draconians
  11 deep elf annihilators
  8 vampire knights
  11 corrupters (Pan)
  10 black suns (Pan)
  2 red draconians
  12 deep elf death magi
  3 eidola
  Snorg (Orc:1)
  39 blizzard demons
  19 ettins
  36 mummy priests
  17 fire dragons
  2 quicksilver dragon zombies
  11 green deaths
  2 kraken zombies
  8 death oozes (Slime:6)
  26 jiangshi
  9 yaktaur captains
  18 great orbs of eyes
  Josephine (D:10)
  59 large abominations
  A minotaur (Lab)
  10 deep elf high priests
  26 vault guards
  10 entropy weavers
  3 quicksilver dragon skeletons
  31 ice dragons
  23 monstrous demonspawn (Pan)
  6 hell beasts
  17 rakshasas
  17 ogre magi
  Erica (Lair:1)
  Erolcha (D:10)
  10 centaur warriors
  14 dancing weapons
  4 alligators
  2 anacondas (shapeshifter)
  3 spriggan air magi
  2 ghost crabs
  3 death knights (Crypt:3)
  10 hydras
  3 tengu warriors
  5 deep troll shamans
  2 catoblepae
  4 death yaks (Lair:7)
  7 titan zombies
  8 hell hogs (Geh:2)
  40 soul eaters
  7 vampire magi
  35 hell knights
  43 sun demons
  4 orc high priests
  4 spriggan berserkers
  18 shadow wraiths
  A storm dragon zombie (Tar:7)
  10 spriggans
  4 titan skeletons
  Sonja (D:10)
  Nergalle (Orc:3)
  4 fire crabs
  10 deep troll earth magi
  71 skeletal warriors
  24 thrashing horrors
  61 ice devils
  19 deep elf knights
  13 wretched stars
  An unseen horror (shapeshifter) (Vaults:3)
  5 spatial maelstroms (Abyss:4)
  2 storm dragon skeletons (Coc:7)
  10 anaconda zombies
  8 ball lightnings (Pan)
  2 spriggan druids
  55 death scarabs
  10 flayed ghosts
  13 iron trolls (Dis:7)
  2 ghost moth zombies
  7 infernal demonspawn (Pan)
  15 cherubim (Pan)
  A sea snake (shapeshifter) (Depths:5)
  15 ironbrand convokers
  11 phantasmal warriors
  9 deep elf summoners
  13 giant orange brains
  23 putrid demonspawn (Pan)
  15 gelid demonspawn (Pan)
  14 deep trolls
  13 unseen horrors
  2 obsidian statues
  An orange crystal statue (Depths:4)
  21 shadow demons
  18 torturous demonspawn
  4 spectral hydras (Swamp:4)
  16 orc knights
  5 golden dragon skeletons
  A lindwurm (Lair:8)
  2 shambling mangroves
  Pikel (D:8)
  An anubis guard (shapeshifter) (Depths:5)
  9 wizards
  5 hill giants
  A wolf spider zombie (Tomb:2)
  A sphinx zombie (Crypt:1)
  6 anaconda skeletons
  3 harpies (Vaults:1)
  15 necromancers
  19 wolf spiders
  8 fire giant zombies
  13 deep elf conjurers
  An orb spider (shapeshifter) (D:14)
  5 shining eyes
  2 shadow dragon skeletons
  35 ugly things
  3 cyclopes
  2 iron dragon zombies
  22 anubis guards
  2 frost giant zombies
  An oklob plant (Lair:4)
  3 salamanders (Geh:7)
  5 manticores
  13 orb spiders
  10 orc sorcerers
  A wolf spider (shapeshifter) (Depths:1)
  9 griffons
  7 stone giant zombies
  3 guardian serpents (shapeshifter)
  3 guardian serpents
  A cyclops (shapeshifter) (Depths:5)
  An iron dragon skeleton (Tar:7)
  18 elephants
  31 sixfirhies
  11 vault sentinels
  6 frost giant skeletons
  A faun (shapeshifter) (Vaults:1)
  60 smoke demons
  2 apocalypse crabs (Abyss:4)
  2 hornets (shapeshifter)
  Maurice (Orc:4)
  23 moths of wrath
  5 worldbinders
  3 eyes of devastation
  5 dire elephant zombies
  28 orange demons
  3 stone giant skeletons
  4 ice statues
  3 fire giant skeletons
  A shock serpent zombie (Dis:5)
  2 black mambas
  10 hornets
  6 torpor snails (Lair:8)
  6 kobold demonologists
  A yellow draconian zombie (Tomb:1)
  25 spiny frogs
  14 molten gargoyles (Geh:7)
  2 demonspawn skeletons (WizLab)
  19 demonic crawlers
  32 tormentors
  27 rust devils
  4 swamp worm zombies (Swamp:4)
  9 efreet
  4 dire elephant skeletons
  6 gargoyles
  4 anaconda simulacra
  A catoblepas zombie (Geh:7)
  44 yaktaurs
  2 emperor scorpion zombies
  11 komodo dragons
  30 red devils
  34 guardian mummies
  9 hydra zombies
  6 fire drakes
  A jumping spider (shapeshifter) (Vaults:5)
  32 two-headed ogres
  17 deep elf priests
  A catoblepas skeleton (Coc:6)
  A death yak skeleton (Crypt:1)
  28 blue devils
  3 silent spectres
  A golden dragon simulacrum (Depths:2)
  20 hellwings
  10 ancient zymes (Abyss:4)
  3 harpy zombies
  2 tengu conjurers
  2 wind drakes (shapeshifter)
  37 freezing wraiths
  2 polar bears
  A harpy skeleton (D:14)
  19 hellions
  14 jumping spiders
  A red draconian skeleton (Crypt:1)
  7 giant leeches
  111 slime creatures
  5 trolls
  7 hydra skeletons
  14 bog bodies
  5 boulder beetles
  14 alligator zombies
  32 blink frogs
  3 fire dragon zombies
  8 ettin zombies
  A trapdoor spider zombie (Crypt:2)
  22 trapdoor spiders
  5 ice dragon zombies
  21 raiju
  9 ushabtiu
  A hornet zombie (D:15)
  A spectral swamp dragon (Swamp:4)
  139 flying skulls
  34 deep elf magi
  26 wraiths
  27 yaks
  44 redbacks
  3 alligator skeletons
  A yak (shapeshifter) (Vaults:4)
  A spriggan (shapeshifter) (Vaults:5)
  5 wyverns
  3 fire dragon skeletons
  14 water elementals
  An air elemental (WizLab)
  18 fire elementals
  A stone giant simulacrum (Crypt:3)
  25 tarantellas
  7 ice dragon skeletons
  2 hogs (shapeshifter) (Depths:3)
  36 ynoxinuls
  A basilisk (Lair:8)
  38 chaos spawn
  3 ettin skeletons
  4 fire bats (Abyss:2)
  14 hippogriffs
  A golden eye (shapeshifter) (Vaults:1)
  6 golden eyes (Abyss:4)
  11 hungry ghosts
  45 neqoxecs
  23 shadows
  A steam dragon (D:11)
  A death yak simulacrum (IceCv)
  11 vampires
  A warg (Vaults:4)
  35 deep elf fighters
  Menkaure (D:5)
  16 wolves
  4 mottled dragons
  2 merfolk zombies
  A soldier ant (D:14)
  10 spatial vortices
  28 swamp worms
  25 vampire mosquitoes
  23 insubstantial wisps
  A soldier ant (shapeshifter) (Depths:1)
  10 spiny frog zombies
  17 porcupines
  31 water moccasins
  A hydra simulacrum (Coc:4)
  A torturous demonspawn skeleton (Crypt:1)
  2 human skeletons (WizLab)
  A merfolk skeleton (Coc:2)
  2 spiny frog skeletons
  8 eyes of draining
  43 orc warriors
  6 swamp drakes
  57 ogres
  14 spiders
  2 manticore zombies (Abyss:4)
  45 hell hounds
  An alligator simulacrum (IceCv)
  5 swamp dragon zombies
  21 wasps
  13 ice beasts
  11 necrophages
  4 snapping turtle zombies
  9 boggarts
  A black bear (shapeshifter) (Vaults:5)
  5 sky beasts
  23 centaurs
  A black bear (D:9)
  16 phantoms
  3 swamp dragon skeletons
  A blink frog skeleton (Crypt:2)
  27 small abominations
  5 snapping turtle skeletons
  5 brain worms
  18 crocodiles
  An elf zombie (Dis:7)
  19 big kobolds
  26 giant frogs
  An earth elemental (Abyss:4)
  A gnoll sergeant (D:8)
  3 scorpions
  5 killer bees
  A spriggan zombie (Dis:7)
  A troll zombie (D:12)
  6 electric eels
  A swamp dragon simulacrum (IceCv)
  39 wights
  4 quasits
  3 giant frog zombies
  16 crimson imps
  46 starcursed masses
  4 centaur skeletons
  3 draconian simulacra (IceCv)
  A wasp zombie (D:11)
  2 centaur zombies
  4 hounds
  24 jellies
  26 orc priests
  17 iguanas
  12 iron imps
  35 orc wizards
  A gnoll shaman (D:6)
  4 troll simulacra (IceCv)
  Terence (D:3)
  3 spriggan simulacra (IceCv)
  A giant frog skeleton (D:7)
  2 spectral swamp drakes (Swamp:4)
  7 worker ants
  A polar bear simulacrum (IceCv)
  12 sheep
  A deep dwarf zombie (Crypt:1)
  7 ogre zombies (D:12)
  A sky beast zombie (Crypt:2)
  2 centaur simulacra (IceCv)
  A human simulacrum (Tomb:1)
  44 mummies
  4 ogre simulacra
  4 naga simulacra (IceCv)
  A swamp drake zombie (Swamp:4)
  17 gnolls
  21 adders
  9 shadow imps
  24 white imps
  43 river rats
  2 giant eyeballs (Depths:1)
  2 ufetubi
  3 oozes
  An adder skeleton (D:8)
  An iguana skeleton (Crypt:2)
  A lava snake skeleton (Crypt:2)
  19 worms
  11 giant geckos
  200 orcs
  8 giant cockroaches
  6 hobgoblins
  13 jackals
  72 kobolds
  5 quokkas
  7 bats
  2 giant gecko skeletons
  4 giant newts
  5 goblins
  2 goblin skeletons (D:12)
  A goblin zombie (D:12)
  2 hobgoblin zombies (D:12)
  4 orc skeletons (D:12)
  17 orc zombies
  A quokka skeleton (D:10)
  11 rats
  3 briar patches (Swamp:3)
  4 crawling corpses (Vaults:5)
  An eldritch tentacle segment (Coc:6)
  5 fire vortices
  15 fungi
  A lost soul (Crypt:3)
  5 lurking horrors
  14 plants
  10 starspawn tentacles
  A starspawn tentacle segment (WizLab)
  3 tentacles (Coc:1)
5377 creatures vanquished.

Vanquished Creatures (collateral kills)
  An orc (Orc:4)
1 creature vanquished.

Vanquished Creatures (others)
  An ancient lich (Zot:5)
  Saint Roka (Vaults:5)
  A pandemonium lord (Pan)
  An Ice Fiend (Pan)
  4 eldritch tentacles
  A tengu reaver (Depths:5)
  A draconian knight (Zot:5)
  A black sun (Pan)
  An iron dragon (Vaults:5)
  A frost giant (Vaults:5)
  A deep elf sorcerer (Vaults:5)
  5 vault wardens (Vaults:5)
  2 ironheart preservers (Vaults:5)
  A very ugly thing (Vaults:5)
  A blood saint (Pan)
  2 deep elf demonologists (Vaults:5)
  2 salamander stormcallers (Vaults:5)
  A white draconian (Zot:1)
  A deep elf death mage (Vaults:5)
  2 ettins (Vaults:5)
  A green death (Pan)
  7 vault guards (Vaults:5)
  3 deep elf high priests
  A monstrous demonspawn (Pan)
  2 ice dragons (Coc:7)
  A deep troll shaman (Vaults:5)
  2 large abominations
  A skeletal warrior (Tomb:3)
  4 death scarabs
  18 ball lightnings (Pan)
  A cherub (Pan)
  An unseen horror (Abyss:4)
  4 deep trolls (Vaults:5)
  2 ironbrand convokers
  An orc sorcerer (Vaults:5)
  A hornet (Vaults:3)
  A salamander (Geh:7)
  A black mamba (shapeshifter) (Vaults:5)
  5 yaktaurs
  A hellwing (D:13)
  A tormentor (Geh:4)
  A demonic crawler (Spider:2)
  2 guardian mummies (Tomb:3)
  2 red devils (Pan)
  A blue devil (Coc:4)
  A raiju (Abyss:4)
  A deep elf mage (Vaults:5)
  A black mamba zombie (Dis:7)
  6 flying skulls
  A tarantella (Spider:4)
  A wraith (Geh:7)
  A deep elf fighter (Vaults:5)
  2 chaos spawn
  A black mamba skeleton (Geh:5)
  An orc warrior (Vaults:3)
  An ogre (Vaults:3)
  A black bear (D:8)
  A centaur (Depths:1)
  2 giant frogs (D:13)
  A spiny frog simulacrum (Coc:4)
  A wight (Tar:3)
  2 small abominations (Abyss:4)
  2 crimson imps (Pan)
  An orc wizard (Orc:4)
  A centaur simulacrum (IceCv)
  2 mummies (Tomb:3)
  A shadow imp (Tar:7)
  2 orcs
  2 crawling corpses (Vaults:5)
  1268 eldritch tentacle segments
  2 fire vortices (Vaults:5)
  10 fungi
  9 lost souls
  A lurking horror (Abyss:4)
  12 plants
  22 starspawn tentacles
  112 starspawn tentacle segments
  7 tentacles
  29 tentacle segments (Coc:1)
1604 creatures vanquished.

Grand Total: 6982 creatures vanquished

Notes
Turn   | Place    | Note
--------------------------------------------------------------
     0 | D:1      | Crauler the Deep Dwarf Fighter began the quest for the Orb.
     0 | D:1      | Reached XP level 1. HP: 20/20 MP: 1/1
   264 | D:1      | Reached XP level 2. HP: 25/27 MP: 2/2
   779 | D:2      | Reached XP level 3. HP: 27/34 MP: 3/3
  1337 | D:2      | Reached skill level 4 in Armour
  1337 | D:2      | Reached XP level 4. HP: 24/42 MP: 4/4
  1735 | D:3      | Noticed Terence
  1753 | D:3      | Killed Terence
  1974 | D:3      | Noticed a sky beast
  2144 | D:4      | Reached XP level 5. HP: 22/49 MP: 5/5
  2284 | D:4      | Found a glowing drain.
  2307 | Sewer    | Entered a sewer
  2375 | Sewer    | Reached XP level 6. HP: 39/57 MP: 6/6
  2446 | Sewer    | Found a white marble altar of Elyvilon.
  2621 | D:4      | Noticed a big kobold
  2639 | D:4      | Killed a big kobold
  2747 | D:4      | Noticed a big kobold
  2758 | D:4      | Killed a big kobold
  2758 | D:4      | Reached skill level 5 in Axes
  2836 | D:4      | Noticed a big kobold
  2849 | D:4      | Killed a big kobold
  2849 | D:4      | Reached skill level 5 in Armour
  2849 | D:4      | Reached XP level 7. HP: 47/64 MP: 7/7
  2898 | D:4      | Noticed a big kobold
  2898 | D:4      | Noticed a big kobold
  2899 | D:4      | Noticed a big kobold
  2904 | D:4      | Killed a big kobold
  2904 | D:4      | Reached skill level 5 in Shields
  2908 | D:4      | Killed a big kobold
  2915 | D:4      | Killed a big kobold
  3664 | D:5      | Entered Level 5 of the Dungeon
  3680 | D:5      | Reached skill level 6 in Axes
  3688 | D:5      | You fall through a shaft!
  3861 | D:6      | Reached XP level 8. HP: 61/73 MP: 8/8
  4059 | D:5      | Noticed Menkaure
  4141 | D:5      | Found a shimmering altar of Xom.
  4341 | D:5      | Killed Menkaure
  4341 | D:5      | Reached skill level 5 in Fighting
  4341 | D:5      | Reached skill level 7 in Axes
  4700 | D:6      | Found Idim's General Store.
  4727 | D:6      | Got a fine cloak
  5244 | D:7      | Reached skill level 8 in Axes
  5287 | D:7      | Found a staircase to the Ecumenical Temple.
  5292 | Temple   | Entered the Ecumenical Temple
  5334 | Temple   | Became a worshipper of Makhleb the Destroyer
  5520 | D:7      | Gained mutation: You passively map the area around you. [Deep Dwarf growth]
  5520 | D:7      | Reached XP level 9. HP: 26/82 MP: 9/9
  6058 | D:8      | Identified the +2 cloak of the Great Game {rN+ Str+2} (You found it on level 6 of the Dungeon)
  6116 | D:8      | Reached skill level 9 in Axes
  6149 | D:8      | Reached * piety under Makhleb
  6301 | D:8      | Noticed Pikel
  6322 | D:8      | Killed Pikel
  6322 | D:8      | Reached skill level 10 in Axes
  6578 | D:9      | Reached ** piety under Makhleb
  6578 | D:9      | Reached XP level 10. HP: 70/92 MP: 10/10
  6858 | D:9      | Noticed an obsidian statue
  7172 | D:9      | Found a blossoming altar of Fedhas.
  7363 | D:10     | Entered Level 10 of the Dungeon
  7423 | D:10     | Noticed Erolcha
  7437 | D:10     | Noticed Sonja
  7441 | D:10     | Reached *** piety under Makhleb
  7442 | D:10     | Killed Erolcha
  7442 | D:10     | Reached skill level 11 in Axes
  7457 | D:10     | Killed Sonja
  7461 | D:10     | Noticed Josephine
  7483 | D:10     | Killed Josephine
  7489 | D:10     | Reached XP level 11. HP: 44/102 MP: 11/11
  8031 | D:6      | Bought the ring of the Elephant {rElec Str+4 SInv} for 542 gold pieces
  8346 | D:7      | Reached skill level 12 in Axes
  8850 | D:11     | Reached **** piety under Makhleb
  8874 | D:11     | Found a staircase to the Lair.
  9638 | D:12     | Reached ***** piety under Makhleb
  9788 | D:12     | Found a staircase to the Orcish Mines.
  9909 | D:12     | Reached skill level 13 in Axes
 10157 | D:12     | Reached skill level 10 in Shields
 10201 | D:12     | Noticed an unseen horror
 10223 | D:12     | Killed an unseen horror
 10223 | D:12     | Reached skill level 10 in Armour
 10298 | Orc:1    | Entered Level 1 of the Orcish Mines
 10561 | Orc:1    | Reached XP level 12. HP: 92/112 MP: 12/12
 10655 | Orc:1    | Reached ****** piety under Makhleb
 11573 | Orc:1    | Noticed Snorg
 11750 | Orc:3    | Reached skill level 14 in Axes
 11789 | Orc:3    | Noticed Nergalle
 11799 | Orc:3    | Found a staircase to the Elven Halls.
 11852 | Orc:3    | Killed Nergalle
 12081 | Orc:4    | Entered Level 4 of the Orcish Mines
 12759 | Lair:1   | Entered Level 1 of the Lair of Beasts
 12871 | Lair:1   | Found a frozen archway.
 12875 | IceCv    | Entered an ice cave
 12889 | IceCv    | Reached skill level 15 in Axes
 13154 | IceCv    | Found an ancient bone altar of Kikubaaqudgha.
 13307 | IceCv    | Reached skill level 16 in Axes
 13338 | IceCv    | Identified the Reference Book on the Snowflakes (You found it in an ice cave)
 13983 | Lair:1   | Noticed Erica
 14006 | Lair:1   | Killed Erica
 14234 | Lair:2   | Reached XP level 13. HP: 109/118 MP: 13/13
 14244 | Lair:2   | Reached skill level 17 in Axes
 14284 | Lair:2   | Reached skill level 1 in Invocations
 15121 | Lair:3   | Reached skill level 5 in Invocations
 15295 | Lair:3   | Noticed Gastronok
 15295 | Lair:3   | Reached skill level 1 in Throwing
 15317 | Lair:3   | Killed Gastronok
 16199 | Lair:4   | Got a glittering golden ring
 16201 | Lair:4   | Identified the ring of Rotwiffo {MR- Str+4 SInv} (You found it on level 4 of the Lair of Beasts)
 16260 | Lair:4   | Found a hole to the Spider Nest.
 16503 | Lair:4   | Found a staircase to the Swamp.
 17094 | Lair:5   | Reached skill level 5 in Throwing
 17126 | Lair:5   | Reached skill level 10 in Invocations
 17205 | Lair:5   | Gained mutation: You can spit weak poison. [potion of mutation]
 17205 | Lair:5   | Gained mutation: You are partially covered in iridescent scales (AC +4). [potion of mutation]
 17598 | Lair:5   | Gained mutation: You resist negative energy. [Deep Dwarf growth]
 17598 | Lair:5   | Reached XP level 14. HP: 62/127 MP: 21/21
 17779 | Lair:6   | Noticed Maud
 17949 | Lair:6   | Gained mutation: You have sharp fingernails. [potion of beneficial mutation]
 17950 | Lair:6   | Gained mutation: You possess an exceptional clarity of mind. [potion of beneficial mutation]
 17968 | Lair:6   | Found a staircase to the Slime Pits.
 18197 | Lair:6   | Killed Maud
 19815 | Lair:8   | Entered Level 8 of the Lair of Beasts
 19945 | Lair:8   | Found a labyrinth entrance.
 19994 | Lab      | Entered a labyrinth
 20315 | Lab      | Identified the Handbook of Combat Magic
 20387 | Lair:8   | Found a runed door.
 20703 | Lair:8   | Gained mutation: You are partially covered in yellow scales (AC +2). [potion of beneficial mutation]
 21571 | Lair:8   | Reached XP level 15. HP: 125/136 MP: 22/22
 22729 | Orc:4    | Noticed Rupert
 22744 | Orc:4    | Killed Rupert
 22760 | Orc:4    | Noticed Maurice
 22773 | Orc:4    | Killed Maurice
 22876 | Orc:4    | Noticed Azrael
 23060 | Orc:4    | Found Tyiwn's Antique Weapon Emporium.
 23365 | Orc:3    | Noticed an orc warlord
 23393 | Orc:3    | Killed an orc warlord
 23516 | Orc:3    | Reached skill level 18 in Axes
 23684 | Orc:4    | Reached skill level 10 in Fighting
 23787 | Orc:1    | Killed Snorg
 23912 | Orc:4    | Killed Azrael
 24006 | Orc:4    | Reached skill level 1 in Dodging
 24032 | Orc:4    | Found Zottufo's Distillery.
 24044 | Orc:4    | Found Upitzax's General Store.
 24050 | Orc:4    | Found Jeuxuw's Book Boutique.
 24095 | Orc:4    | Bought a potion of haste for 120 gold pieces
 24351 | Elf:1    | Entered Level 1 of the Elven Halls
 24846 | Elf:1    | Found Bireiguo's Assorted Antiques.
 25013 | Elf:1    | Noticed Aizul
 25070 | Elf:1    | Killed Aizul
 25469 | Elf:2    | Noticed Asterion
 25902 | Spider:1 | Entered Level 1 of the Spider Nest
 25913 | Spider:1 | Reached skill level 5 in Dodging
 25989 | Spider:1 | Noticed Nikola
 26013 | Spider:1 | Killed Nikola
 26089 | Spider:1 | Reached XP level 16. HP: 146/150 MP: 23/23
 26144 | Spider:1 | Noticed Louise
 26202 | Spider:1 | Killed Louise
 26897 | Spider:2 | Noticed Wiglaf
 26934 | Spider:2 | Killed Wiglaf
 27987 | Spider:4 | Entered Level 4 of the Spider Nest
 28175 | Spider:4 | Noticed Mara
 28193 | Spider:4 | Noticed Crauler's illusion
 28594 | Spider:4 | Killed Mara
 28753 | Spider:4 | Reached skill level 10 in Dodging
 28844 | Spider:4 | Reached skill level 15 in Armour
 29034 | Spider:4 | Reached XP level 17. HP: 157/157 MP: 0/24
 29111 | Spider:4 | Got a gossamer rune of Zot
 29975 | D:13     | Found a gate to the Vaults.
 30245 | D:13     | Found Qyssame's Gadget Shoppe.
 30447 | D:13     | Found a stormy altar of Qazlal.
 30741 | Bazaar   | Entered a bazaar
 30745 | Bazaar   | Found Etohil's Antique Armour Emporium.
 30753 | Bazaar   | Found Poepn's Book Boutique.
 30779 | Bazaar   | Found Edusmash's Jewellery Shoppe.
 30787 | Bazaar   | Found Otom's Book Shop.
 30840 | Bazaar   | Bought a brightly glowing plate armour for 784 gold pieces
 30854 | Bazaar   | Identified the +7 plate armour of Elaleec {rF+ Str+2 Dex+3} (You bought it in a shop in a bazaar)
 30877 | Bazaar   | Bought an uncursed ring of protection from cold for 275 gold pieces
 30877 | Bazaar   | Bought the amulet of Lanwaax {Gourm rF++ Int+5 Dex-2} for 668 gold pieces
 31919 | D:15     | Entered Level 15 of the Dungeon
 32006 | D:15     | Found a staircase to the Depths.
 32851 | Vaults:1 | Entered Level 1 of the Vaults
 33381 | Vaults:1 | Gained mutation: You passively map a large area around you. [Deep Dwarf growth]
 33381 | Vaults:1 | Reached XP level 18. HP: 168/168 MP: 25/25
 34349 | Vaults:2 | Found Noushy's Antique Weapon Shoppe.
 34429 | Vaults:2 | Reached skill level 19 in Axes
 34863 | Vaults:2 | Found a staircase to the Crypt.
 34863 | Vaults:2 | Found a basalt altar of Yredelemnul.
 34864 | Vaults:2 | Found an ancient bone altar of Kikubaaqudgha.
 35171 | Vaults:2 | Paralysed by a hornet for 2 turns
 35561 | Vaults:3 | Reached skill level 20 in Axes
 36200 | Vaults:3 | Paralysed by a great orb of eyes for 4 turns
 36258 | Vaults:3 | Reached XP level 19. HP: 177/177 MP: 26/26
 36259 | Vaults:3 | Paralysed by a hornet for 4 turns
 36288 | Vaults:3 | Reached XP level 20. HP: 181/188 MP: 27/27
 37072 | Vaults:4 | Found a flickering gateway to a bazaar.
 37157 | Bazaar   | Entered a bazaar
 37157 | Bazaar   | Found Liraafud's Distillery.
 37157 | Bazaar   | Found Ciav's Book Emporium.
 37157 | Bazaar   | Found Yhus's Weapon Emporium.
 37165 | Bazaar   | Bought a +0 hand axe of flaming for 74 gold pieces
 37167 | Bazaar   | Bought a potion of beneficial mutation for 385 gold pieces
 37173 | Bazaar   | Bought a manual of Armour for 1435 gold pieces
 38643 | Elf:2    | Killed Asterion
 38680 | Elf:2    | Found a radiant altar of Vehumet.
 38855 | Elf:2    | Found a deep blue altar of Sif Muna.
 39064 | Elf:2    | Found a runed gate.
 39064 | Elf:2    | Found a runed gate.
 39065 | Elf:2    | Found a runed gate.
 39358 | Elf:2    | Noticed a deep elf blademaster
 39387 | Elf:2    | Killed a deep elf blademaster
 39621 | Elf:3    | Entered Level 3 of the Elven Halls
 39624 | Elf:3    | Noticed Norris
 39648 | Elf:3    | Killed Norris
 39741 | Elf:3    | Reached skill level 21 in Armour
 40168 | Elf:3    | Reached XP level 21. HP: 199/199 MP: 28/28
 40311 | Elf:3    | Reached skill level 22 in Armour
 40421 | Elf:3    | Got a fine jade amulet
 40489 | Elf:3    | Reached skill level 15 in Dodging
 40526 | Elf:3    | Got a scorched bronze ring
 40529 | Elf:3    | Identified the amulet "Uqoami" {Spirit Str+3} (You took it off a deep elf master archer on level 3 of the Elven Halls)
 40530 | Elf:3    | Identified the ring of Inar {+Inv Dex+2 SInv} (You found it on level 3 of the Elven Halls)
 40546 | Elf:3    | Learned a level 1 spell: Apportation
 40548 | Elf:3    | Learned a level 1 spell: Summon Butterflies
 40555 | Elf:3    | Got a glittering platinum ring
 40556 | Elf:3    | Identified the ring of Gim Roqawk {Ice MR++ Int-3 Dex+3 Stlth+} (You found it on level 3 of the Elven Halls)
 40590 | Elf:3    | Got a wavering ruby amulet
 40591 | Elf:3    | Identified the amulet "Amemy" {Ward +Inv rC- rN+ Dex+3 SInv} (You found it on level 3 of the Elven Halls)
 40635 | Elf:3    | Got a dazzling battleaxe
 40636 | Elf:3    | Identified the +10 battleaxe "Kulon" {antimagic, rN+ MP-9 Int+5 Dex+3} (You found it on level 3 of the Elven Halls)
 40686 | Elf:3    | Learned a level 2 spell: Stoneskin
 41238 | D:9      | Killed an obsidian statue
 41540 | Swamp:1  | Entered Level 1 of the Swamp
 42439 | Swamp:2  | Reached skill level 15 in Fighting
 43592 | Swamp:4  | Entered Level 4 of the Swamp
 43789 | Swamp:4  | Got a steaming wooden ring
 43791 | Swamp:4  | Identified the ring of Temperance {Fire rPois Str+7} (You found it on level 4 of the Swamp)
 44075 | Swamp:4  | Got a scorched blowgun
 44078 | Swamp:4  | Identified the +3 blowgun of Contradiction {speed, MP-9 Dex+4} (You found it on level 4 of the Swamp)
 44213 | Swamp:4  | Got a decaying rune of Zot
 45032 | Vaults:5 | Entered Level 5 of the Vaults
 45034 | Vaults:5 | Noticed Saint Roka
 45056 | Vaults:5 | Reached XP level 22. HP: 211/211 MP: 7/31
 45074 | Vaults:5 | Killed Saint Roka
 45290 | Vaults:5 | Noticed an ancient lich
 45313 | Vaults:5 | Killed an ancient lich
 45450 | Vaults:5 | Noticed an ancient lich
 45479 | Vaults:5 | Killed an ancient lich
 45627 | Vaults:5 | Got a vibrating bone amulet
 45632 | Vaults:5 | Identified the amulet "Yreju Buygg" {Stasis rN+ MR+ Int+5} (You took it off a vault warden on level 5 of the Vaults)
 45809 | Vaults:5 | Got a creamy pearl robe
 45813 | Vaults:5 | Identified the cursed +1 robe of the Seven Seas {MR+ Int+4} (You took it off a yaktaur on level 5 of the Vaults)
 45857 | Vaults:5 | Got a silver rune of Zot
 45943 | Vaults:5 | Found Luudwoq's Food Emporium.
 45960 | Vaults:5 | Reached skill level 23 in Armour
 46380 | Vaults:5 | Found Wiucex's Antique Armour Emporium.
 46434 | Vaults:5 | Bought a runed cloak for 225 gold pieces
 47112 | Depths:1 | Entered Level 1 of the Depths
 47305 | Depths:1 | Reached XP level 23. HP: 223/223 MP: 7/32
 47327 | Depths:1 | Found Tunes's Antique Weapon Shoppe.
 47532 | Depths:1 | Found a gateway to Hell.
 47707 | Depths:1 | Paralysed by a giant eyeball for 3 turns
 47731 | Depths:1 | Paralysed by a giant eyeball for 2 turns
 48042 | Depths:2 | Found a gateway to a ziggurat.
 48434 | Depths:2 | Noticed a juggernaut
 48467 | Depths:2 | Killed a juggernaut
 49367 | Depths:2 | Got a transparent chain mail
 49368 | Depths:2 | Identified the +7 chain mail "Xoqa" {rPois Str+3} (You found it on level 2 of the Depths)
 49506 | Depths:2 | Identified the Compendium of Cloudy Attacks
 49510 | Depths:2 | Learned a level 2 spell: Repel Missiles
 49791 | Depths:3 | Reached XP level 24. HP: 234/234 MP: 7/32
 49825 | Depths:3 | Found a one-way gate leading to the halls of Pandemonium.
 49957 | Depths:3 | Found a one-way gate to the infinite horrors of the Abyss.
 50095 | Depths:3 | Found a flickering gateway to a bazaar.
 50100 | Bazaar   | Entered a bazaar
 50100 | Bazaar   | Found Vouvud's Jewellery Shoppe.
 50100 | Bazaar   | Found Loack's Book Shoppe.
 50100 | Bazaar   | Found Moduqohu's Armour Shop.
 50102 | Bazaar   | Found Ynuiwa's Book Emporium.
 50102 | Bazaar   | Found Jeits's Assorted Antiques.
 50156 | Bazaar   | Bought a dazzling plate armour for 560 gold pieces
 50157 | Bazaar   | Identified the +5 plate armour of Buquw {rC+ MR- Regen+ Dex+3} (You bought it in a shop in a bazaar)
 50166 | Bazaar   | Bought the ring "Luotra" {*Drain rPois rC+ rN+++ AC+4} for 1183 gold pieces
 50188 | Depths:3 | Found Gozag's Antique Armour Shoppe.
 50222 | Depths:3 | Found an opulent altar of Gozag.
 50225 | Depths:3 | Found Gozag's Antique Armour Emporium.
 50227 | Depths:3 | Found Gozag's Assorted Antiques.
 50266 | Depths:3 | Reached skill level 24 in Armour
 51066 | Depths:4 | Got a crude lapis lazuli ring
 51067 | Depths:4 | Identified the ring "Plog" {Wiz rElec Slay+2} (You took it off a boggart on level 4 of the Depths)
 51402 | Depths:4 | Got an agate-encrusted scale mail
 51403 | Depths:4 | Identified the +1 scale mail of a wizard's laboratory {rPois SInv} (You found it on level 4 of the Depths)
 51550 | Depths:4 | Got a pair of faintly glowing gloves
 51552 | Depths:4 | Identified the +1 pair of gloves of Biomiaf {rF+ MR+ rCorr Dex-4} (You found it on level 4 of the Depths)
 51807 | Depths:5 | Entered Level 5 of the Depths
 51934 | Depths:5 | Found a sacrificial altar of Ru.
 51934 | Depths:5 | Found a blossoming altar of Fedhas.
 51972 | Depths:5 | Found a shimmering altar of Xom.
 52117 | Depths:5 | Found a gate to the Realm of Zot.
 52337 | Depths:5 | Reached XP level 25. HP: 247/247 MP: 7/32
 52462 | Depths:5 | Reached skill level 25 in Armour
 52466 | Depths:5 | Noticed a juggernaut
 52485 | Depths:5 | Killed a juggernaut
 52581 | Depths:5 | Noticed a juggernaut
 52596 | Depths:5 | Killed a juggernaut
 52617 | Depths:5 | Got a translucent marble ring
 52618 | Depths:5 | Identified the ring of Kaxaong {MP+9 Str+3} (You took it off a deep elf death mage on level 5 of the Depths)
 52639 | Depths:5 | Got a transparent bronze ring
 52640 | Depths:5 | Identified the ring "Aplitesk" {rF+ Str-5 Dex+2 Stlth+} (You found it on level 5 of the Depths)
 52863 | Depths:5 | Noticed a juggernaut
 52881 | Depths:5 | Killed a juggernaut
 52887 | Depths:5 | Reached skill level 26 in Armour
 53159 | Zot:1    | Entered Level 1 of the Realm of Zot
 53786 | Zot:2    | Noticed an orb of fire
 53790 | Zot:2    | Gained mutation: Your body sometimes deteriorates upon taking damage. [an orb of fire]
 53812 | Zot:2    | Killed an orb of fire
 53915 | Zot:2    | Reached skill level 27 in Armour
 53921 | Zot:2    | Reached skill level 1 in Charms
 53921 | Zot:2    | Reached skill level 1 in Air Magic
 54244 | Zot:2    | Reached XP level 26. HP: 246/258 MP: 7/32
 54832 | Zot:3    | Reached skill level 1 in Spellcasting
 55186 | Zot:3    | Noticed an orb of fire
 55188 | Zot:3    | Gained mutation: You occasionally shout uncontrollably at your foes. [an orb of fire]
 55198 | Zot:3    | Gained mutation: You tend to lose your temper in combat. [an orb of fire]
 55200 | Zot:3    | Gained mutation: Your spells are a little easier to cast, but a little less powerful. [an orb of fire]
 55225 | Zot:3    | Killed an orb of fire
 55471 | Zot:4    | Reached skill level 5 in Spellcasting
 56078 | Zot:5    | Entered Level 5 of the Realm of Zot
 57354 | Slime:1  | Entered Level 1 of the Pits of Slime
 57806 | Slime:2  | Noticed Dissolution
 58388 | Slime:2  | Killed Dissolution
 58582 | Slime:6  | Entered Level 6 of the Pits of Slime
 58674 | Slime:6  | Noticed the royal jelly
 58770 | Slime:6  | Found a viscous altar of Jiyva.
 58941 | Slime:6  | Killed the royal jelly
 58941 | Slime:6  | Reached XP level 27. HP: 253/268 MP: 7/32
 59093 | Slime:6  | Identified Vimaudu's Disquisition on Evil Attacks
 59131 | Slime:6  | Got a slimy rune of Zot
 59146 | Slime:6  | Identified the Volume of Calling and the Compass
 59613 | Lair:1   | Lost mutation: You can spit weak poison. [potion of cure mutation]
 59613 | Lair:1   | Lost mutation: You occasionally shout uncontrollably at your foes. [potion of cure mutation]
 59613 | Lair:1   | Lost mutation: Your body sometimes deteriorates upon taking damage. [potion of cure mutation]
 59613 | Lair:1   | Lost mutation: Your spells are a little easier to cast, but a little less powerful. [potion of cure mutation]
 59613 | Lair:1   | Lost mutation: You tend to lose your temper in combat. [potion of cure mutation]
 59613 | Lair:1   | Lost mutation: You possess an exceptional clarity of mind. [potion of cure mutation]
 59614 | Lair:1   | Gained mutation: You possess an exceptional clarity of mind. [potion of beneficial mutation]
 59628 | Lair:1   | Learned a level 6 spell: Statue Form
 59871 | Crypt:1  | Entered Level 1 of the Crypt
 59985 | Crypt:1  | Found a magical portal.
 59993 | WizLab   | Entered The Roulette of Golubria
 59997 | WizLab   | Found a corrupted altar of Lugonu.
 60009 | WizLab   | Reached skill level 1 in Earth Magic
 60035 | WizLab   | Found a corrupted altar of Lugonu.
 60103 | WizLab   | Reached skill level 1 in Transmutations
 60197 | WizLab   | Found a corrupted altar of Lugonu.
 60268 | WizLab   | Got a fine cloak
 60269 | WizLab   | Identified the +1 cloak of Impressiveness {Dex+2} (You found it in a wizard's laboratory)
 60282 | WizLab   | Identified the Almanac of Displacement
 60486 | Crypt:1  | Reached skill level 5 in Earth Magic
 61211 | Crypt:2  | Reached skill level 5 in Transmutations
 61739 | Crypt:3  | Entered Level 3 of the Crypt
 61919 | Crypt:3  | Reached skill level 10 in Earth Magic
 61930 | Crypt:3  | Found a basalt altar of Yredelemnul.
 62146 | Crypt:3  | Got a shimmering bronze ring
 62148 | Crypt:3  | Identified the ring of Dudwupo {Dex+4 Stlth-} (You found it on level 3 of the Crypt)
 62730 | Crypt:3  | Found a staircase to the Tomb.
 62730 | Crypt:3  | Noticed Khufu
 62749 | Crypt:3  | Killed Khufu
 63234 | Tomb:1   | Entered Level 1 of the Tomb of the Ancients
 64559 | Hell     | Entered the Vestibule of Hell
 64559 | Hell     | Noticed Geryon
 64614 | Hell     | Reached skill level 10 in Transmutations
 64625 | Hell     | Killed Geryon
 64672 | Hell     | Found a gateway to the decaying netherworld of Tartarus.
 64863 | Hell     | Found a gateway to the Iron City of Dis.
 64913 | Hell     | Found a gateway to the ashen valley of Gehenna.
 65001 | Hell     | Found a gateway to the freezing wastes of Cocytus.
 65169 | Dis:1    | Entered Level 1 of the Iron City of Dis
 65451 | Dis:7    | Entered Level 7 of the Iron City of Dis
 65454 | Dis:7    | Gained mutation: You expend magic power (3 MP) to strengthen your wands. [a cacodemon]
 66037 | Dis:7    | Gained mutation: Armour fits poorly on your strangely shaped body. [a cacodemon]
 66050 | Dis:7    | Gained mutation: Your magical capacity is low (-10% MP). [a cacodemon]
 66229 | Dis:7    | Reached skill level 15 in Earth Magic
 66272 | Dis:7    | Gained mutation: You are clumsy. (Dex -2) [a cacodemon]
 66359 | Dis:7    | Noticed the Serpent of Hell
 66431 | Dis:7    | Lost mutation: Your magical capacity is low (-10% MP). [potion of cure mutation]
 66431 | Dis:7    | Lost mutation: You are clumsy. (Dex -2) [potion of cure mutation]
 66431 | Dis:7    | Lost mutation: You expend magic power (3 MP) to strengthen your wands. [potion of cure mutation]
 66431 | Dis:7    | Lost mutation: Armour fits poorly on your strangely shaped body. [potion of cure mutation]
 66504 | Dis:7    | Reached skill level 10 in Spellcasting
 66671 | Dis:7    | Paralysed by an eldritch tentacle for 4 turns
 66938 | Dis:7    | Killed the Serpent of Hell
 67097 | Dis:7    | Noticed Dispater
 67128 | Dis:7    | Killed Dispater
 67192 | Dis:7    | Got an iron rune of Zot
 67280 | Hell     | Learned a level 2 spell: Song of Slaying
 67284 | Hell     | Learned a level 3 spell: Spectral Weapon
 67290 | Hell     | Learned a level 5 spell: Silence
 67316 | Tar:1    | Entered Level 1 of Tartarus
 67381 | Tar:1    | You fall through a shaft!
 67723 | Tar:3    | Reached skill level 5 in Translocations
 67969 | Tar:7    | Entered Level 7 of Tartarus
 68835 | Tar:7    | Noticed Ereshkigal
 68868 | Tar:7    | Killed Ereshkigal
 68896 | Tar:7    | Got a bone rune of Zot
 68903 | Tar:7    | Gained mutation: You expend magic power (3 MP) to strengthen your wands. [a Zot trap]
 69040 | Geh:1    | Entered Level 1 of Gehenna
 69090 | Geh:2    | Reached skill level 1 in Hexes
 69251 | Geh:3    | Cast into the Abyss (hell knight)
 69914 | Abyss:1  | Reached skill level 5 in Air Magic
 70015 | Geh:3    | Escaped the Abyss
 70203 | Geh:5    | You fall through a shaft!
 70281 | Geh:7    | Entered Level 7 of Gehenna
 70368 | Geh:7    | Reached skill level 5 in Hexes
 70718 | Geh:7    | Noticed Asmodeus
 70747 | Geh:7    | Killed Asmodeus
 70887 | Geh:7    | Got an obsidian rune of Zot
 70977 | Coc:1    | Entered Level 1 of Cocytus
 71175 | Coc:2    | Reached skill level 15 in Spellcasting
 71670 | Coc:7    | Entered Level 7 of Cocytus
 71988 | Coc:7    | Noticed Antaeus
 72086 | Coc:7    | Killed Antaeus
 72257 | Coc:7    | Got an icy rune of Zot
 72265 | Coc:7    | Identified Olgreb's Almanac of Harmful Poisoning
 73059 | Tomb:1   | Noticed Mennas
 73083 | Tomb:1   | Killed Mennas
 73366 | Tomb:1   | Noticed Sojobo
 73378 | Tomb:1   | Killed Sojobo
 73746 | Tomb:2   | Reached skill level 27 in Axes
 74248 | Tomb:1   | Reached skill level 10 in Translocations
 75057 | Tomb:2   | Identified 3 scrolls of acquirement
 75084 | Tomb:1   | Got a pair of steaming gloves
 75086 | Tomb:1   | Identified the +0 pair of gloves "Vytomoon" {rElec rCorr} (You acquired it on level 1 of the Tomb of the Ancients)
 75210 | Tomb:2   | Cast into the Abyss (a Zot trap)
 75286 | Abyss:4  | Found a corrupted altar of Lugonu.
 75556 | Abyss:4  | Gained mutation: You are frail (-10% HP). [a neqoxec]
 75721 | Abyss:4  | Gained mutation: Armour fits poorly on your strangely shaped body. [a neqoxec]
 75803 | Abyss:4  | Paralysed by accursed screaming for 1 turns
 75859 | Abyss:4  | Gained mutation: Your system is resistant to poisons. [a neqoxec]
 75865 | Abyss:4  | Got an abyssal rune of Zot
 76252 | Abyss:4  | Gained mutation: You are occasionally teleported next to monsters. [a neqoxec]
 76280 | Abyss:4  | Found a corrupted altar of Lugonu.
 76508 | Abyss:4  | Found a corrupted altar of Lugonu.
 76666 | Abyss:4  | Noticed an ancient lich
 76680 | Abyss:4  | Killed an ancient lich
 77053 | Abyss:4  | Identified the Handbook of Arcane Weapons and Ignition (You found it on level 4 of the Abyss)
 77089 | Abyss:4  | Found a corrupted altar of Lugonu.
 77322 | Abyss:4  | Gained mutation: Scrolls take you longer to read. [a neqoxec]
 77363 | Tomb:2   | Escaped the Abyss
 77407 | Tomb:2   | Lost mutation: You are frail (-10% HP). [potion of cure mutation]
 77407 | Tomb:2   | Lost mutation: Armour fits poorly on your strangely shaped body. [potion of cure mutation]
 77407 | Tomb:2   | Lost mutation: You are partially covered in yellow scales (AC +2). [potion of cure mutation]
 77408 | Tomb:2   | Lost mutation: Scrolls take you longer to read. [potion of cure mutation]
 77408 | Tomb:2   | Lost mutation: You are occasionally teleported next to monsters. [potion of cure mutation]
 77408 | Tomb:2   | Lost mutation: You expend magic power (3 MP) to strengthen your wands. [potion of cure mutation]
 77413 | Tomb:3   | Entered Level 3 of the Tomb of the Ancients
 77455 | Tomb:3   | Noticed Jorgrun
 77695 | Tomb:3   | Killed Jorgrun
 77739 | Tomb:3   | Noticed an ancient lich
 77754 | Tomb:3   | Killed an ancient lich
 77956 | Tomb:3   | Got a pitted ruby amulet
 77957 | Tomb:3   | Identified the amulet of Atifinyo {Spirit rElec} (You found it on level 3 of the Tomb of the Ancients)
 77960 | Tomb:3   | Got a fine wooden ring
 77961 | Tomb:3   | Identified the ring "Tihou" {rPois Stlth+} (You found it on level 3 of the Tomb of the Ancients)
 77964 | Tomb:3   | Identified the Guide on Feathery Confrontation
 77967 | Tomb:3   | Identified Beewau's Papyrus of the Evil Escort
 77972 | Tomb:3   | Identified the Volume of the Traveller
 77987 | Tomb:3   | Identified the Grimoire of Fire
 78058 | Tomb:3   | Got a golden rune of Zot
 78065 | Tomb:3   | Got a pair of heavily runed gloves
 78066 | Tomb:3   | Identified the +0 pair of gloves "Cekurche" {rF++ Int+2} (You found it on level 3 of the Tomb of the Ancients)
 79233 | Pan      | Entered Pandemonium
 79268 | Pan      | Noticed Acwuo the pandemonium lord
 79298 | Pan      | Killed Acwuo the pandemonium lord
 79971 | Pan      | Got a heavily runed cloak
 79972 | Pan      | Identified the +0 cloak "Bitu" {-Tele rElec MR++ Str+4} (You acquired it in Pandemonium)
 80064 | Pan      | Noticed a seraph
 80112 | Pan      | Killed a seraph
 80174 | Pan      | Found a glowing golden altar of the Shining One.
 80187 | Pan      | Got a demonic rune of Zot
 80199 | Pan      | Identified the Catalogue of Hurtful Flight
 80301 | Pan      | Reached skill level 27 in Fighting
 80689 | Pan      | Found a glowing silver altar of Zin.
 81032 | Pan      | Found a white marble altar of Elyvilon.
 81495 | Pan      | Found an exit through the horrors of the Abyss.
 81597 | Pan      | Noticed Kuptarr the pandemonium lord
 81610 | Pan      | Killed Kuptarr the pandemonium lord
 81718 | Pan      | Found a gateway to a ziggurat.
 81729 | Pan      | Gained mutation: You tend to lose your temper in combat. [a neqoxec]
 81792 | Pan      | Noticed Acruenef the pandemonium lord
 81811 | Pan      | Killed Acruenef the pandemonium lord
 82014 | Pan      | Found an exit through the horrors of the Abyss.
 82029 | Pan      | Noticed Atist the pandemonium lord
 82040 | Pan      | Killed Atist the pandemonium lord
 82402 | Pan      | Noticed Nathrounumm the pandemonium lord
 82443 | Pan      | Killed Nathrounumm the pandemonium lord
 82550 | Pan      | Noticed Enuydo Zeamm the pandemonium lord
 82561 | Pan      | Reached skill level 15 in Invocations
 82571 | Pan      | Killed Enuydo Zeamm the pandemonium lord
 82661 | Pan      | Gained mutation: You occasionally shout uncontrollably at your foes. [a cacodemon]
 82665 | Pan      | Gained mutation: You sometimes yell uncontrollably at your foes. [a neqoxec]
 82671 | Pan      | Noticed Loykeleg the pandemonium lord
 82677 | Pan      | Killed Loykeleg the pandemonium lord
 82773 | Pan      | Found an exit through the horrors of the Abyss.
 82945 | Pan      | Found an exit through the horrors of the Abyss.
 82997 | Pan      | Noticed Hecag the pandemonium lord
 83008 | Pan      | Killed Hecag the pandemonium lord
 83048 | Pan      | Noticed Sadwauc the pandemonium lord
 83077 | Pan      | Killed Sadwauc the pandemonium lord
 83091 | Pan      | Found an exit through the horrors of the Abyss.
 83123 | Pan      | Gained mutation: Armour fits poorly on your strangely shaped body. [a neqoxec]
 83124 | Pan      | Gained mutation: Scrolls take you a little longer to read. [a neqoxec]
 83220 | Pan      | Found an exit through the horrors of the Abyss.
 83234 | Pan      | Noticed Fual the pandemonium lord
 83262 | Pan      | Killed Fual the pandemonium lord
 83374 | Pan      | Gained mutation: Your spells are a little easier to cast, but a little less powerful. [a cacodemon]
 83430 | Pan      | Entered the realm of Gloorx Vloq.
 83451 | Pan      | Lost mutation: You tend to lose your temper in combat. [potion of cure mutation]
 83451 | Pan      | Lost mutation: Scrolls take you a little longer to read. [potion of cure mutation]
 83451 | Pan      | Lost mutation: Armour fits poorly on your strangely shaped body. [potion of cure mutation]
 83451 | Pan      | Lost mutation: You sometimes yell uncontrollably at your foes. [potion of cure mutation]
 83451 | Pan      | Lost mutation: Your system is resistant to poisons. [potion of cure mutation]
 83452 | Pan      | Lost mutation: You occasionally shout uncontrollably at your foes. [potion of cure mutation]
 83452 | Pan      | Lost mutation: Your spells are a little easier to cast, but a little less powerful. [potion of cure mutation]
 83452 | Pan      | Lost mutation: You possess an exceptional clarity of mind. [potion of cure mutation]
 83452 | Pan      | Lost mutation: You have sharp fingernails. [potion of cure mutation]
 83662 | Pan      | Noticed Gloorx Vloq
 83671 | Pan      | Killed Gloorx Vloq
 83699 | Pan      | Got a dark rune of Zot
 83874 | Pan      | Noticed Xeidoany the pandemonium lord
 83874 | Pan      | Entered the realm of Cerebov.
 83955 | Pan      | Got a brightly glowing marble ring
 83962 | Pan      | Identified the ring "Amyamamm" {MR+ Str+4 Slay+3} (You found it in Pandemonium)
 83991 | Pan      | Noticed Cerebov
 84019 | Pan      | Killed Cerebov
 84154 | Pan      | Got a steaming cloak
 84155 | Pan      | Identified the +2 cloak of the Pit {-Cast +Blink rElec rN+++} (You found it in Pandemonium)
 84196 | Pan      | Got a fiery rune of Zot
 84290 | Pan      | Found a huge runed gate.
 84349 | Pan      | Noticed Jakhaike the pandemonium lord
 84373 | Pan      | Killed Jakhaike the pandemonium lord
 84393 | Pan      | Found an exit through the horrors of the Abyss.
 84416 | Pan      | Noticed Sikoger the pandemonium lord
 84423 | Pan      | Killed Sikoger the pandemonium lord
 84480 | Pan      | Got a twisted chain mail
 84481 | Pan      | Identified the +6 chain mail of Sovereignty {Str+4 Int+2 Stlth+} (You found it in Pandemonium)
 84576 | Pan      | Noticed Timp the pandemonium lord
 84599 | Pan      | Killed Timp the pandemonium lord
 84603 | Pan      | Gained mutation: You have large cloven feet. [a cacodemon]
 84700 | Pan      | Learned a level 6 spell: Deflect Missiles
 84701 | Pan      | Entered the realm of Mnoleg.
 84704 | Pan      | Gained mutation: You occasionally shout uncontrollably at your foes. [a cacodemon]
 84729 | Pan      | Gained mutation: Scrolls take you a little longer to read. [a neqoxec]
 84814 | Pan      | Reached skill level 5 in Charms
 84920 | Pan      | Noticed Mnoleg
 84955 | Pan      | Paralysed by a giant eyeball for 2 turns
 84959 | Pan      | Paralysed by a giant eyeball for 4 turns
 84969 | Pan      | Killed Mnoleg
 84974 | Pan      | Got a glowing rune of Zot
 85000 | Pan      | Found an exit through the horrors of the Abyss.
 85008 | Pan      | Gained mutation: Your body sometimes deteriorates upon taking damage. [a neqoxec]
 85044 | Pan      | Gained mutation: Scrolls take you longer to read. [a cacodemon]
 85104 | Pan      | Noticed Eweusootz the pandemonium lord
 85108 | Pan      | Gained mutation: You are partially covered in thin metallic scales (AC +2). [a neqoxec]
 85109 | Pan      | Gained mutation: Scrolls take you much longer to read. [a neqoxec]
 85110 | Pan      | Lost mutation: Scrolls take you much longer to read. [a neqoxec]
 85113 | Pan      | Killed Eweusootz the pandemonium lord
 85233 | Pan      | Gained mutation: Your body often deteriorates upon taking damage. [a neqoxec]
 85234 | Pan      | Entered the realm of Lom Lobon.
 85376 | Pan      | Noticed Lom Lobon
 85467 | Pan      | Killed Lom Lobon
 85467 | Pan      | Reached skill level 10 in Air Magic
 85476 | Pan      | Got a magical rune of Zot
 85609 | Pan      | Found an exit through the horrors of the Abyss.
 85690 | Pan      | Reached skill level 10 in Charms
 85760 | Pan      | Noticed Liaxtakhlim the pandemonium lord
 85795 | Pan      | Killed Liaxtakhlim the pandemonium lord
 85799 | Pan      | Found an exit through the horrors of the Abyss.
 85901 | Pan      | Found an exit through the horrors of the Abyss.
 86187 | Pan      | Noticed Curronimoq the pandemonium lord
 86205 | Pan      | Killed Curronimoq the pandemonium lord
 86315 | Pan      | Noticed Citsobuturph the pandemonium lord
 86330 | Pan      | HP: 15/387 [Citsobuturph the pandemonium lord (7)]
 86335 | Pan      | Killed Citsobuturph the pandemonium lord
 86335 | Pan      | Reached skill level 27 in Dodging
 86344 | Pan      | Reached skill level 1 in Stealth
 86432 | Pan      | Found an exit through the horrors of the Abyss.
 86521 | Pan      | Found an exit through the horrors of the Abyss.
 86595 | Pan      | Reached skill level 5 in Stealth
 86664 | Pan      | Noticed Arumpi Ezua the pandemonium lord
 86679 | Pan      | Killed Arumpi Ezua the pandemonium lord
 86953 | Pan      | Gained mutation: You are weak. (Str -2) [a neqoxec]
 86970 | Pan      | Noticed Etoagioh the pandemonium lord
 86976 | Pan      | Killed Etoagioh the pandemonium lord
 86990 | Depths:3 | Escaped Pandemonium
 87398 | Zot:5    | Reached skill level 10 in Stealth
 87430 | Zot:5    | Noticed an ancient lich
 87439 | Zot:5    | Killed an ancient lich
 87464 | Zot:5    | Noticed an orb of fire
 87464 | Zot:5    | Noticed an orb of fire
 87479 | Zot:5    | Killed an orb of fire
 87481 | Zot:5    | Noticed an ancient lich
 87486 | Zot:5    | Noticed an ancient lich
 87489 | Zot:5    | Killed an ancient lich
 87491 | Zot:5    | Noticed an ancient lich
 87492 | Zot:5    | Killed an orb of fire
 87499 | Zot:5    | Killed an ancient lich
 87504 | Zot:5    | Killed an ancient lich
 87577 | Zot:5    | Noticed an orb of fire
 87580 | Zot:5    | Noticed an ancient lich
 87582 | Zot:5    | Noticed an ancient lich
 87584 | Zot:5    | Gained mutation: You sometimes yell uncontrollably at your foes. [an orb of fire]
 87585 | Zot:5    | Gained mutation: Scrolls take you much longer to read. [an orb of fire]
 87587 | Zot:5    | Noticed an orb of fire
 87588 | Zot:5    | Killed an orb of fire
 87590 | Zot:5    | Killed an ancient lich
 87604 | Zot:5    | Killed an ancient lich
 87610 | Zot:5    | Reached skill level 15 in Stealth
 87628 | Zot:5    | Gained mutation: You are dopey. (Int -2) [an orb of fire]
 87630 | Zot:5    | Killed an orb of fire
 87658 | Zot:5    | Got the Orb of Zot
 87862 | Zot:1    | Noticed Uthroawn the pandemonium lord
 87888 | Zot:1    | Killed Uthroawn the pandemonium lord
 87897 | Zot:1    | Gained mutation: Your spells are a little easier to cast, but a little less powerful. [a cacodemon]
 87908 | Zot:1    | Noticed Tublocs the pandemonium lord
 88104 | Depths:5 | Noticed Sehum the pandemonium lord
 88591 | D:3      | Killed a sky beast
 88667 | D:$      | Escaped with the Orb!

Action                   |  1- 3 |  4- 6 |  7- 9 | 10-12 | 13-15 | 16-18 | 19-21 | 22-24 | 25-27 || total
-------------------------+-------+-------+-------+-------+-------+-------+-------+-------+-------++-------
Melee: War axe           |   116 |   236 |   402 |  1195 |  1553 |  1363 |       |       |       ||  4865
       Hand axe          |       |     3 |       |       |       |       |       |       |       ||     3
       Dagger            |       |       |    11 |       |       |       |       |       |       ||    11
       Battleaxe         |       |       |       |       |       |   502 |  1182 |  1669 |  6597 ||  9950
       Executioner's axe |       |       |       |       |       |       |       |       |  2865 ||  2865
       Quarterstaff      |       |       |       |       |       |       |       |       |   110 ||   110
 Fire: Blowgun           |       |       |       |       |     3 |    54 |       |       |       ||    57
Throw: Javelin           |       |       |     4 |       |       |       |       |       |       ||     4
 Cast: Repel Missiles    |       |       |       |       |       |       |       |       |     7 ||     7
       Statue Form       |       |       |       |       |       |       |       |       |    73 ||    73
       Apportation       |       |       |       |       |       |       |       |       |     7 ||     7
       Stoneskin         |       |       |       |       |       |       |       |       |     5 ||     5
       Silence           |       |       |       |       |       |       |       |       |     3 ||     3
       Deflect Missiles  |       |       |       |       |       |       |       |       |     2 ||     2
Invok: Major Destruction |       |       |       |       |    23 |     6 |     2 |       |    18 ||    49
       Lesser Servant of |       |       |       |       |     1 |       |       |       |       ||     1
 Abil: End Transformatio |       |       |       |       |       |       |       |       |    14 ||    14
Evoke: Wand              |       |     3 |     6 |     5 |     1 |     3 |     3 |    14 |    67 ||   102
  Use: Scroll            |       |    10 |     3 |    11 |    13 |     7 |     8 |    13 |    73 ||   138
       Potion            |       |       |     8 |     3 |     9 |     1 |     3 |       |    39 ||    63
 Stab: Petrified         |       |       |       |       |     2 |       |       |       |       ||     2
       Petrifying        |       |       |       |       |     1 |       |       |       |     2 ||     3
       Distracted        |       |       |       |       |     1 |       |       |       |     2 ||     3
       Held in net/web   |       |       |       |       |       |     1 |       |       |       ||     1
       Sleeping          |       |       |       |       |       |       |       |       |     2 ||     2
       Paralysed         |       |       |       |       |       |       |       |       |     1 ||     1
  Eat: Chunk             |     2 |     4 |    14 |    29 |    29 |    41 |    24 |    23 |   106 ||   272
       Beef jerky        |       |     1 |       |       |     5 |     6 |       |     3 |     5 ||    20
       Fruit             |       |       |     1 |     1 |       |       |       |       |    19 ||    21
       Meat ration       |       |       |     1 |       |       |       |       |       |       ||     1
       Pizza             |       |       |       |       |     3 |     2 |     3 |       |     5 ||    13
       Bread ration      |       |       |       |       |     1 |       |       |       |    20 ||    21
